 Dungeon Crawl Stone Soup version 0.18.1-48-g4cf74bf (webtiles) character file.

23282 nikopol the Cleaver (level 13, 0/174 HPs)
             Began as a Hill Orc Berserker on Aug 8, 2016.
             Was a High Priest of Trog.
             Slain by a 16-headed hydra (5 damage)
             ... on level 4 of the Lair of Beasts.
             The game lasted 00:53:09 (17634 turns).

nikopol the Cleaver (Hill Orc Berserker)           Turns: 17634, Time: 00:53:09

Health: 0/174      AC: 23    Str: 27    XL:     13   Next: 5%
Magic:  13/13      EV: 11    Int:  7    God:    Trog [*****.]
Gold:   604        SH:  4    Dex: 13    Spells: 0 memorised, 12 levels left

rFire  + . .     SeeInvis .     a - +2 war axe (chop)
rCold  + . .     Gourm    .     R - +1 plate armour {rC+}
rNeg   . . .     Faith    .     (no shield)
rPois  .         Spirit   .     V - +0 helmet
rElec  .         Dismiss  .     o - +0 cloak
rCorr  .         Reflect  +     u - +1 pair of gloves
SustAt .         Harm     .     (no boots)
MR     .....                    D - +4 amulet of reflection
Stlth  ..........               b - ring of protection from fire
                                Q - +3 ring of protection

@: berserking (expiring), very quick, not resistant to hostile enchantments,
extremely unstealthy
A: no striking features
a: Berserk, Trog's Hand, Brothers in Arms, Burn Spellbooks, Renounce Religion


You were on level 4 of the Lair of Beasts.
You worshipped Trog.
Trog was extremely pleased with you.
You were hungry.

You visited 2 branches of the dungeon, and saw 15 of its levels.
You also visited: Ossuary.

You collected 604 gold pieces.

Inventory:

Hand Weapons
 a - a +2 war axe of chopping (weapon)
 x - a +1 war axe of venom
 z - a +1 shortbow of evasion
Missiles
 y - 105 arrows (quivered)
Armour
 o - a +0 cloak (worn)
 u - a +1 pair of gloves (worn)
 P - a +0 chain mail of fire resistance
 R - a +1 plate armour of cold resistance (worn)
 V - a +0 helmet (worn)
Jewellery
 b - a ring of protection from fire (right hand)
 i - an uncursed ring of resist corrosion
 D - a +4 amulet of reflection (around neck)
 Q - a +3 ring of protection (left hand)
Wands
 h - a wand of slowing (36/48)
 F - a wand of disintegration (24/24)
 I - a wand of digging (7/24)
Scrolls
 e - 6 scrolls of identify
 g - 3 scrolls of fear
 q - 2 scrolls of remove curse
 t - a scroll of enchant armour
 B - 3 scrolls of recharging
 E - 2 scrolls of fog
 H - a scroll of magic mapping
 M - a scroll of immolation {unknown}
 N - 4 scrolls of teleportation
 T - a scroll of summoning
Potions
 f - 2 potions of invisibility
 m - 3 potions of heal wounds {unknown}
 n - 4 potions of haste
 p - a potion of brilliance
 s - 6 potions of curing
 w - 2 potions of magic
 A - 4 potions of agility
 C - 2 potions of flight
 G - a potion of might
 J - a potion of berserk rage
 K - a potion of cancellation
 L - 3 potions of ambrosia
 O - 2 potions of cure mutation
Books
 v - a book of Clouds

   Spells                             Type                      Level
   a - Mephitic Cloud                 Conjuration/Poison/Air       3
   b - Conjure Flame                  Conjuration/Fire             3
   c - Poisonous Cloud                Conjuration/Poison/Air       6
   d - Freezing Cloud                 Conjuration/Ice/Air          6
   e - Ring of Flames                 Charms/Fire                  7
   Trog disapproves of the use of such an item.
Comestibles
 c - 10 bread rations
 d - 4 beef jerkies
 k - a meat ration
 l - a royal jelly
 r - 9 fruits
 S - a slice of pizza


   Skills:
 + Level 11.1 Fighting
 * Level 14.6 Axes
 * Level 9.9 Bows
 + Level 9.9 Armour
 + Level 7.1 Dodging


You had 12 spell levels left.
You didn't know any spells.

Dungeon Overview and Level Annotations

Branches:
Dungeon (11/15)            Temple (0/1) D:6            Lair (4/8) D:11
  Swamp (0/4) Lair:3       Spider (0/4) Lair:3          Orc (0/2) D:10

Altars:
Ashenzari
Cheibriados
Fedhas
Kikubaaqudgha
Nemelex Xobeh
Okawaru
Pakellas
Qazlal
Ru
Sif Muna
Vehumet
Yredelemnul
Zin

Shops:
D:4 *   D:9 *


Message History

The 15-headed hydra bites you.
* * * LOW HITPOINT WARNING * * *
The 15-headed hydra bites you but does no damage. x4
The 15-headed hydra barely misses you.
The 15-headed hydra bites you but does no damage.
The 15-headed hydra closely misses you. The 15-headed hydra bites you.
* * * LOW HITPOINT WARNING * * *
The 15-headed hydra barely misses you.
You slice one of the 15-headed hydra's heads off!
The 14-headed hydra grows two more!
You slash the 16-headed hydra!
The 16-headed hydra is almost dead.
The 16-headed hydra barely misses you.
The 16-headed hydra completely misses you.
The 16-headed hydra bites you but does no damage. x2
The 16-headed hydra bites you.
* * * LOW HITPOINT WARNING * * *
The 16-headed hydra bites you!
* * * LOW HITPOINT WARNING * * *
The 16-headed hydra bites you.
You die...

##..... #...# #......#
.$....###.....##
...............#
...............###
.................###
...................####
..............†.......##
.(.((..D@..............#
..##P................##
####....#..........##
######...###...........
........................
..............PPP.......
..............PP........
..............P..#......
...............P........


You could see a 16-headed hydra.

Vanquished Creatures
  5 death yaks (Lair:4)
  4 hill giants
  Joseph (D:10)
  A black mamba (Lair:3)
  2 spiny frogs
  A rime drake (Lair:3)
  2 centaur skeletons (D:10)
  3 komodo dragons
  A troll (D:10)
  A jumping spider (Lair:3)
  Grinder (D:3)
  Prince Ribbit (D:6)
  A redback (Lair:3)
  15 yaks
  A spriggan (D:7)
  A steam dragon (Lair:3)
  3 hippogriffs
  5 vampire mosquitoes (Lair:3)
  5 water moccasins
  9 porcupines
  5 orc warriors
  4 phantoms
  2 ice beasts
  A black bear (D:9)
  2 sky beasts (D:8)
  5 ogres
  3 necrophages
  An eye of draining (D:11)
  12 wolves
  8 crocodiles
  2 centaurs
  3 big kobolds
  Blork the orc (D:5)
  11 giant frogs
  A wyvern skeleton (D:11)
  6 scorpions
  6 killer bees
  10 wights
  7 howler monkeys
  An electric eel (Lair:3)
  3 centaur zombies
  6 crimson imps
  2 quasits
  A giant frog zombie (D:5)
  5 orc priests
  2 giant frog skeletons
  2 jellies
  7 hounds
  2 human zombies (Ossuary)
  Crazy Yiuf (D:3)
  5 iguanas
  5 orc wizards
  6 worker ants
  A big kobold zombie (Ossuary)
  16 sheep
  A hound zombie (D:9)
  4 mummies
  2 hound skeletons
  A worker ant zombie (D:5)
  5 scorpion zombies (Ossuary)
  15 adders
  31 river rats
  A shadow imp (D:6)
  An ooze (D:2)
  3 adder skeletons
  4 adder zombies
  2 worms
  A dart slug (D:4)
  7 giant geckos
  50 orcs
  4 bats
  4 giant cockroaches
  2 gnoll zombies (Ossuary)
  2 goblins (D:1)
  5 hobgoblins
  2 jackals (D:5)
  20 kobolds
  5 quokkas
  A ball python (D:2)
  2 giant gecko skeletons
  4 giant gecko zombies
  6 giant newts
  2 goblin zombies (D:8)
  A jackal zombie (D:4)
  3 kobold zombies (Ossuary)
  2 orc zombies (Ossuary)
  A quokka zombie (D:4)
  4 rats
  5 fungi
  2 plants
423 creatures vanquished.

Vanquished Creatures (collateral kills)
  4 death yaks (Lair:4)
  A spiny frog (Lair:4)
  A porcupine (Lair:4)
6 creatures vanquished.

Vanquished Creatures (others)
  A giant newt (D:2)
  5 fungi
6 creatures vanquished.

Grand Total: 435 creatures vanquished

Notes
Turn   | Place    | Note
--------------------------------------------------------------
     0 | D:1      | nikopol the Hill Orc Berserker began the quest for the Orb.
     0 | D:1      | Reached XP level 1. HP: 19/19 MP: 1/1
   229 | D:1      | Reached XP level 2. HP: 24/27 MP: 2/2
   723 | D:2      | Reached XP level 3. HP: 29/33 MP: 3/3
   976 | D:2      | Reached ** piety under Trog
  1067 | D:2      | Found a radiant altar of Vehumet.
  1159 | D:3      | Reached XP level 4. HP: 34/40 MP: 4/4
  1539 | D:3      | Noticed Grinder
  1557 | D:3      | Paralysed by Grinder for 2 turns
  1568 | D:3      | Killed Grinder
  1568 | D:3      | Reached skill level 5 in Fighting
  1568 | D:3      | Reached skill level 5 in Axes
  1568 | D:3      | Reached XP level 5. HP: 16/48 MP: 5/5
  1568 | D:3      | Reached XP level 6. HP: 19/56 MP: 6/6
  1994 | D:3      | Found an iron altar of Okawaru.
  2507 | D:3      | Noticed Crazy Yiuf
  2511 | D:3      | Killed Crazy Yiuf
  2633 | D:4      | Found a sacrificial altar of Ru.
  2647 | D:4      | Reached skill level 6 in Axes
  2723 | D:4      | Found a glowing silver altar of Zin.
  2725 | D:4      | Found Zin's Purification Station.
  3073 | D:4      | Reached XP level 7. HP: 61/61 MP: 7/7
  3841 | D:4      | Found a blossoming altar of Fedhas.
  3848 | D:4      | Found an oddly glowing altar of Pakellas.
  3891 | D:5      | Entered Level 5 of the Dungeon
  3995 | D:5      | Found a basalt altar of Yredelemnul.
  4437 | D:5      | Reached skill level 7 in Axes
  4437 | D:5      | Reached skill level 1 in Bows
  4437 | D:5      | Reached XP level 8. HP: 35/70 MP: 8/8
  4740 | D:5      | Found a shattered altar of Ashenzari.
  4764 | D:5      | Reached skill level 5 in Armour
  5296 | D:5      | Noticed Blork the orc
  5499 | D:5      | Killed Blork the orc
  5507 | D:5      | Found a deep blue altar of Sif Muna.
  5632 | D:6      | Found a staircase to the Ecumenical Temple.
  5895 | D:6      | Noticed Prince Ribbit
  5899 | D:6      | Reached skill level 8 in Axes
  6002 | D:6      | Killed Prince Ribbit
  6121 | D:6      | Found a sparkling altar of Nemelex Xobeh.
  6130 | D:6      | Reached XP level 9. HP: 64/79 MP: 9/9
  6653 | D:7      | Reached *** piety under Trog
  6703 | D:7      | Reached skill level 9 in Axes
  7351 | D:7      | Received a gift from Trog
  7708 | D:8      | Found a sand-covered staircase.
  7715 | Ossuary  | Entered an ossuary
  7820 | Ossuary  | Reached skill level 10 in Axes
  8004 | Ossuary  | Reached skill level 5 in Bows
  8059 | Ossuary  | Reached XP level 10. HP: 59/88 MP: 10/10
  8853 | D:8      | Found a snail-covered altar of Cheibriados.
  8917 | D:8      | Reached skill level 5 in Dodging
  9698 | D:9      | Found an ancient bone altar of Kikubaaqudgha.
  9829 | D:9      | Found a stormy altar of Qazlal.
  9939 | D:9      | Reached skill level 11 in Axes
  9953 | D:9      | Reached **** piety under Trog
 10226 | D:9      | Found Saeblerch's General Store.
 10529 | D:10     | Entered Level 10 of the Dungeon
 10534 | D:10     | Noticed Joseph
 10540 | D:10     | Received a gift from Trog
 10549 | D:10     | Killed Joseph
 10654 | D:10     | Noticed a hill giant
 10667 | D:10     | Killed a hill giant
 10995 | D:10     | Noticed a hill giant
 11012 | D:10     | Killed a hill giant
 11012 | D:10     | Reached XP level 11. HP: 79/97 MP: 11/11
 11275 | D:10     | Found a staircase to the Orcish Mines.
 11436 | D:10     | Noticed a hill giant
 11445 | D:10     | Killed a hill giant
 11445 | D:10     | Reached skill level 12 in Axes
 11922 | D:11     | Reached ***** piety under Trog
 12127 | D:11     | Found a staircase to the Lair.
 13218 | D:11     | Noticed a hill giant
 13232 | D:11     | Killed a hill giant
 13591 | Lair:1   | Entered Level 1 of the Lair of Beasts
 13684 | Lair:1   | Received a gift from Trog
 13935 | Lair:1   | Reached skill level 13 in Axes
 14078 | Lair:1   | Reached skill level 10 in Fighting
 14819 | Lair:2   | Received a gift from Trog
 14857 | Lair:2   | Reached XP level 12. HP: 89/106 MP: 12/12
 15375 | Lair:3   | Found a hole to the Spider Nest.
 16485 | Lair:3   | Found a staircase to the Swamp.
 16951 | Lair:4   | Noticed a death yak
 16952 | Lair:4   | Noticed a death yak
 16954 | Lair:4   | Noticed a death yak
 16954 | Lair:4   | Noticed a death yak
 16981 | Lair:4   | Killed a death yak
 16981 | Lair:4   | Reached skill level 14 in Axes
 16989 | Lair:4   | Killed a death yak
 16990 | Lair:4   | Killed a death yak
 16995 | Lair:4   | Killed a death yak
 17534 | Lair:4   | Noticed a death yak
 17537 | Lair:4   | Noticed a death yak
 17538 | Lair:4   | Noticed a death yak
 17546 | Lair:4   | Noticed a death yak
 17549 | Lair:4   | Noticed a death yak
 17552 | Lair:4   | Killed a death yak
 17554 | Lair:4   | Killed a death yak
 17554 | Lair:4   | Killed a death yak
 17555 | Lair:4   | Reached XP level 13. HP: 116/116 MP: 13/13
 17634 | Lair:4   | HP: 5/174 [16-headed hydra (7)]
 17634 | Lair:4   | Slain by a 16-headed hydra

Skill      XL: |  1  2  3  4  5  6  7  8  9 10 11 12 |
---------------+-------------------------------------+-----
Fighting       | 4 5 6 7 8 9 10 11 | 11.1
Armour         | 3 4 5 6 7 9 |  9.9
Dodging        | 2 3 4 5 6 7 |  7.1
Axes           | 5 6 7 8 10 11 13 14 | 14.6
Bows           | 1 3 5 6 8 9 |  9.9

Action                   |  1- 3 |  4- 6 |  7- 9 | 10-12 | 13-15 || total
-------------------------+-------+-------+-------+-------+-------++-------
Melee: Hand axe          |    98 |   170 |   230 |       |       ||   498
       War axe           |       |       |   235 |   697 |    17 ||   949
 Fire: Shortbow          |       |       |   132 |   485 |    11 ||   628
Invok: Berserk           |       |     2 |     2 |     4 |     1 ||     9
       Burn Spellbooks   |       |       |     1 |     4 |       ||     5
       Trog's Hand       |       |       |       |     1 |       ||     1
       Brothers in Arms  |       |       |       |     1 |       ||     1
  Use: Scroll            |       |       |    12 |    18 |       ||    30
 Stab: Paralysed         |       |     1 |       |       |       ||     1
  Eat: Chunk             |     1 |     8 |    17 |    32 |       ||    58
       Pizza             |       |       |     1 |       |       ||     1
       Fruit             |       |       |       |     3 |       ||     3
Armor: Ring mail         |    30 |    35 |    59 |       |       ||   124
       Animal skin       |     1 |       |       |       |       ||     1
       Scale mail        |       |       |    98 |    98 |       ||   196
       Plate armour      |       |       |       |   178 |    32 ||   210
Dodge: Dodged            |    58 |    73 |   266 |   278 |    20 ||   695
Block: Other             |       |     7 |    67 |   115 |     5 ||   194
       Reflection        |       |       |     1 |     1 |       ||     2
